 Dungeon Crawl Stone Soup version 0.30-a0-696-g2367cd04db (webtiles) character file.

Game seed: 17317057959034673761

561132 HoaS the Slayer (level 26, -5/188 HPs)
             Began as a Gargoyle Hunter on Jan 19, 2023.
             Was the Champion of Zin.
             Engulfed by a red draconian's flame (13 damage)
             ... led by a purple draconian shifter
             ... on level 1 of the Realm of Zot on Jan 20, 2023.
             The game lasted 01:57:09 (56256 turns).

HoaS the Slayer (Gargoyle Hunter)                  Turns: 56256, Time: 01:57:10

Health: -5/188     AC: 44    Str: 26    XL:     26   Next: 64%
Magic:  35/35      EV: 52    Int: 16    God:    Zin [******]
Gold:   4275       SH:  5    Dex: 42    Spells: 25/25 levels left

rFire   . . .      SeeInvis .    m - +10 arbalest of the Solstice {elec, rElec}
rCold   + . .      Faith    .    (shield currently unavailable)
rNeg    + . .      Spirit   .    R - +6 faerie dragon scales {Drain rC+ Regen+ rCorr Str+3}
rPois   ∞          Reflect  +    y - +2 helmet
rElec   +          Harm     .    o - +2 cloak
rCorr   +          Rampage  .    J - +2 pair of gloves {Dex+3}
Will    ++...                    e - +2 pair of boots of the Pit {+Blink +Inv}
Stlth   +++                      n - amulet of reflection
HPRegen 1.31/turn                Q - +6 ring of dexterity
MPRegen 0.24/turn                t - ring of Uwnim {+Blink Will+ EV+5 Dex+7}

@: vitalised, corroded, flying
A: sickness immunity, AC +20, big wings, negative energy resistance 1,
electricity resistance, torment resistance 1, petrification resistance
}: 3/15 runes: decaying, serpentine, silver
a: Renounce Religion, Evoke Blink, Evoke Invisibility, Recite, Vitalisation,
Imprison, Sanctuary, Donate Gold


You were on level 1 of the Realm of Zot.
You worshipped Zin.
Zin was exalted by your worship.
You visited 11 branches of the dungeon, and saw 47 of its levels.
You visited the Abyss 2 times.
You also visited: Ossuary and Bailey.

You collected 28993 gold pieces.
You spent 2938 gold pieces at shops.
You donated 3044 gold pieces to Zin.
You paid 18736 gold pieces to Gozag.

Inventory:

Hand Weapons
 m - the +10 arbalest of the Solstice (weapon) {elec, rElec}
   (You bought it in a shop on level 13 of the Dungeon)

   rElec:     It insulates you from electricity.
Armour
 e - the +2 pair of boots of the Pit (worn) {+Blink +Inv}
   (You found it on level 3 of the Dungeon)

   +Inv:      It lets you turn invisible.
   +Blink:    It lets you blink.
 o - a +2 cloak (worn)
 y - a +2 helmet (worn)
 J - a +2 pair of gloves of dexterity (worn)
 R - the +6 faerie dragon scales (worn) {Drain rC+ Regen+ rCorr Str+3}
   (You took it off the Enchantress on level 2 of the Depths)

   Str:       It affects your strength (+3).
   rC:        It protects you from cold.
   Regen:     It increases your rate of health regeneration.
   rCorr:     It protects you from acid and corrosion.
   Drain:     It drains your maximum health when unequipped.
Jewellery
 c - a ring of protection from fire
 n - an amulet of reflection (around neck)
 t - the ring of Uwnim (right hand) {+Blink Will+ EV+5 Dex+7}
   (You acquired it in a bailey)

   [ring of evasion]

   EV:        It affects your evasion (+5).
   Dex:       It affects your dexterity (+7).
   +Blink:    It lets you blink.
   Will:      It increases your willpower.
 A - a ring of positive energy
 E - a ring of resist corrosion
 I - a ring of see invisible
 K - a ring of ice
 L - a ring of fire
 M - a ring of positive energy
 Q - a +6 ring of dexterity (left hand)
Wands
 a - a wand of paralysis (40)
 j - a wand of flame (66)
 k - a wand of roots (55)
 l - a wand of quicksilver (14)
 H - a wand of digging (7)
Scrolls
 b - 14 scrolls of immolation
 f - 13 scrolls of enchant weapon
 h - 24 scrolls of teleportation
 i - 7 scrolls of enchant armour
 r - a scroll of poison
 s - 6 scrolls of fog
 F - 11 scrolls of blinking
 N - 4 scrolls of fear
 O - 3 scrolls of magic mapping
 P - 2 scrolls of brand weapon
Potions
 g - 10 potions of mutation
 p - 4 potions of resistance
 q - 26 potions of curing
 u - 3 potions of haste
 v - 14 potions of attraction
 z - 10 potions of heal wounds
 B - 3 potions of invisibility
 C - 4 potions of cancellation
 D - 3 potions of ambrosia


   Skills:
 * Level 25.4 Fighting
 * Level 24.4 Ranged Weapons
 + Level 17.8 Armour
 * Level 22.7 Dodging
 - Level 1.1 Stealth
 - Level 16.0 Invocations


You had 25 spell levels left.
You didn't know any spells.
Your spell library contained the following spells:

 Spells                   Type           Power      Damage    Failure   Level
 Apportation              Tloc           0%         N/A       28%         1
 Beastly Appendage        Tmut           0%         N/A       28%         1
 Foxfire                  Conj/Fire      0%         2x1d4     28%         1
 Freeze                   Ice            0%         1d3       28%         1
 Kiss of Death            Conj/Necr      0%         2d5       28%         1
 Magic Dart               Conj           0%         1d3       28%         1
 Shock                    Conj/Air       0%         1d3       28%         1
 Sting                    Tmut/Pois      0%         1d3       28%         1
 Summon Small Mammal      Summ           0%         N/A       28%         1
 Call Imp                 Summ           0%         N/A       38%         2
 Ensorcelled Hibernation  Hex/Ice        0%         N/A       38%         2
 Lesser Beckoning         Tloc           0%         N/A       38%         2
 Passwall                 Tmut/Erth      0%         N/A       38%         2
 Poisonous Vapours        Pois/Air       0%         N/A       38%         2
 Call Canine Familiar     Summ           0%         N/A       63%         3
 Confusing Touch          Hex            0%         N/A       63%         3
 Dazzling Flash           Conj/Hex       0%         N/A       63%         3
 Frozen Ramparts          Ice            0%         1d1       63%         3
 Gell's Gravitas          Tloc           0%         N/A       63%         3
 Hailstorm                Conj/Ice       0%         3d3       63%         3
 Ignite Poison            Fire/Tmut/Pois 0%         N/A       63%         3
 Inner Flame              Hex/Fire       0%         N/A       63%         3
 Kindle Blastsparks       Fire/Tloc/Air  0%         2d10      63%         3
 Mephitic Cloud           Conj/Pois/Air  0%         N/A       63%         3
 Ozocubu's Armour         Ice            0%         N/A       63%         3
 Portal Projectile        Hex/Tloc       0%         N/A       63%         3
 Spider Form              Tmut/Pois      0%         N/A       63%         3
 Stone Arrow              Conj/Erth      0%         3d7       63%         3
 Summon Guardian Golem    Hex/Summ       0%         N/A       63%         3
 Swiftness                Air            0%         N/A       63%         3
 Teleport Other           Tloc           0%         N/A       63%         3
 Tukima's Dance           Hex            0%         N/A       63%         3
 Airstrike                Air            0%         2d(0-16)  95%         4
 Anguish                  Hex/Necr       0%         N/A       95%         4
 Animate Armour           Summ/Erth      0%         N/A       95%         4
 Animate Dead             Necr           0%         N/A       95%         4
 Dispel Undead            Necr           0%         3d6       95%         4
 Flame Wave               Conj/Fire      0%         2d4       95%         4
 Fulminant Prism          Conj/Hex       0%         3d5       95%         4
 Ice Form                 Ice/Tmut       0%         N/A       95%         4
 Iskenderun's Mystic Bla  Conj/Tloc      0%         2d3       95%         4
 Leda's Liquefaction      Hex/Erth       0%         N/A       95%         4
 Manifold Assault         Tloc           0%         N/A       95%         4
 Olgreb's Toxic Radiance  Pois           0%         N/A       95%         4
 Passage of Golubria      Tloc           0%         N/A       95%         4
 Petrify                  Tmut/Erth      0%         N/A       95%         4
 Sticky Flame             Conj/Fire      0%         2d3       95%         4
 Summon Ice Beast         Ice/Summ       0%         N/A       95%         4
 Agony                    Necr           0%         N/A       100%        5
 Alistair's Intoxication  Tmut/Pois      0%         N/A       100%        5
 Arcjolt                  Conj/Air       0%         1d10      100%        5
 Blade Hands              Tmut           0%         N/A       100%        5
 Fireball                 Conj/Fire      0%         3d3       100%        5
 Freezing Cloud           Conj/Ice/Air   0%         6-21      100%        5
 Iskenderun's Battlesphe  Conj           0%         2d6       100%        5
 Lee's Rapid Deconstruct  Erth           0%         3d4*      100%        5
 Lightning Bolt           Conj/Air       0%         1d11      100%        5
 Metabolic Englaciation   Hex/Ice        0%         N/A       100%        5
 Silence                  Hex/Air        0%         N/A       100%        5
 Summon Forest            Summ/Tloc      0%         N/A       100%        5
 Summon Mana Viper        Hex/Summ       0%         N/A       100%        5
 Yara's Violent Unravell  Hex/Tmut       0%         3d3       100%        5
 Conjure Ball Lightning   Conj/Air       0%         3x3d6     100%        6
 Death Channel            Necr           0%         N/A       100%        6
 Dispersal                Tloc           0%         N/A       100%        6
 Iron Shot                Conj/Erth      0%         9d1       100%        6
 Simulacrum               Ice/Necr       0%         N/A       100%        6
 Starburst                Conj/Fire      0%         6d3       100%        6
 Summon Cactus Giant      Summ           0%         N/A       100%        6
 Dragon Form              Tmut           0%         N/A       100%        7
 Enfeeble                 Hex            0%         N/A       100%        7
 Haunt                    Necr/Summ      0%         N/A       100%        7
 Orb of Destruction       Conj           0%         9d5       100%        7
 Spellforged Servitor     Conj/Summ      0%         N/A       100%        7
 Storm Form               Tmut/Air       0%         N/A       100%        7
 Discord                  Hex            0%         N/A       100%        8
 Disjunction              Tloc           0%         N/A       100%        8
 Infestation              Necr           0%         N/A       100%        8
 Lehudib's Crystal Spear  Conj/Erth      0%         10d2      100%        8
 Chain Lightning          Conj/Air       0%         N/A       100%        9
 Fire Storm               Conj/Fire      0%         5d1       100%        9
 Shatter                  Erth           0%         3d5*      100%        9
 Cigotuvi's Dreadful Rot  Necr/Pois/Air  Unusable   N/A       N/A         2
 Statue Form              Tmut/Erth      Unusable   N/A       N/A         6

Dungeon Overview and Level Annotations

Branches:
Dungeon (15/15)            Temple (1/1) D:5            Lair (5/5) D:10
  Swamp (4/4) Lair:3        Snake (4/4) Lair:3        Slime (0/5) Lair:4
    Orc (2/2) D:11            Elf (3/3) Orc:2        Vaults (5/5) D:14
  Crypt (3/3) Vaults:2       Tomb (0/3) Crypt:3      Depths (4/4) D:15
    Zot (1/5) Depths:4    Ossuary (visited)          Bailey (visited)

Altars:
Ashenzari
Cheibriados
Dithmenos
Elyvilon
Fedhas
Gozag
Hepliaklqana
Kikubaaqudgha
Makhleb
Nemelex Xobeh
Okawaru
Qazlal
Ru
Sif Muna
Trog
Uskayaw
Vehumet
Wu Jian
Xom
Yredelemnul
Zin
The Shining One

Shops:
D:3 ?   D:4 [   D:5 *   D:6 *   D:9 [   D:10 (   D:13 (   D:14 ([   D:15 [=
Orc:1 (   Orc:2 [:!?   Snake:4 :?   Vaults:3 [*(   Vaults:4 ??(=   Vaults:5 *
Depths:3 :=:

Portals:
Hell: Depths:1 Depths:2 Depths:3 Depths:4
Abyss: Depths:3
Pandemonium: Depths:2
Ziggurat: Depths:1
Trove: D:12 (show slimy rune of Zot)

Annotations:
Depths:2 3 runed translucent doors, Unolod's ghost, adept MiBe


Innate Abilities, Weirdness & Mutations

You are immune to sickness and miasma.
Your stone body is resilient. (AC +20)
You are immune to poison.
Your large and strong wings let you fly.
You resist negative energy. (rN+)
You are resistant to electric shocks. (rElec)
You are resistant to unholy torment.
You are immune to petrification.


Message History

The shard of ice hits you!! You partially resist.
* * * LOW HITPOINT WARNING * * *
You shoot a bolt.
The bolt closely misses the green draconian monk.
You are engulfed in blazing flames.
Something hits you but does no damage.
The red draconian completely misses you.
The green draconian monk closely misses you.
The green draconian monk completely misses you. x2
The green draconian monk closely misses you.
You block the yellow draconian's attack.
You shoot a bolt.
The bolt hits the green draconian monk!!
Lightning courses through the green draconian monk!
You kill the green draconian monk!
You are engulfed in blazing flames.
* * * LOW HITPOINT WARNING * * *
You hear some strange, mumbled words.
A shard of ice appears from out of thin air!
The shard of ice misses you.
The shard of ice hits the red draconian!!
The red draconian dies!
The red draconian breathes fire at you.
The searing blast hits something!!
The searing blast misses you.
The yellow draconian rages.
The yellow draconian completely misses you. x2
You hear some strange, mumbled words.
A shard of ice appears from out of thin air!
The shard of ice hits you but does no damage.
You shoot a bolt. The bolt hits the yellow draconian!!!
The yellow draconian is almost dead.
You are engulfed in blazing flames.
The yellow draconian completely misses you.
A bolt of lightning appears from out of thin air!
The bolt of lightning misses you.
The yellow draconian completely misses you.
The yellow draconian annihilator mumbles some strange words.
The yellow draconian annihilator blinks!
Gozag petitions for your drink to fail.
You are engulfed in blazing flames.
You die...

# .# ##### ###.#
...###∩..#####
#.###d#.)).......
#...○.).###.#####
########d))###.#
#....))@{d.....#
......#####dq?..##
..... #.q##....#
.... ..........
### .d...#..###
..##.## .# ... #.#
.... #.#


You could see a black draconian, 2 draconians, a red draconian (fast, catching
breath) and 2 draconians.

Vanquished Creatures
  A dread lich (Crypt:2)
  An ancient lich (Vaults:5)
  An orb of fire (Zot:1)
  Mara (Swamp:3)
  A juggernaut (Depths:2)
  Sojobo (Depths:2)
  Vashnia (Snake:2)
  A caustic shrike (D:15)
  A curse toe (Zot:1)
  Xtahua (Vaults:4)
  Nikola (Elf:3)
  5 golden dragons
  the Enchantress (Depths:2)
  A bone dragon (Abyss:3)
  A shard shrike zombie (Crypt:3)
  A walking crystal tome (Depths:2)
  7 tentacled monstrosities
  10 liches
  3 deep elf blademasters
  2 deep elf master archers (Elf:3)
  5 titans
  A death cob (Zot:1)
  6 quicksilver dragons
  4 ancient champions
  5 shadow dragons
  7 sphinxes
  A thorn hunter (Swamp:3)
  5 revenants
  6 storm dragons
  An azure jelly (Swamp:4)
  Roxanne (Elf:1)
  A draconian monk (Zot:1)
  5 tengu reavers
  8 fire giants
  3 nagarajas
  A draconian knight (Zot:1)
  5 deep elf sorcerers
  2 balrugs (Depths:1)
  Louise (Snake:3)
  13 frost giants
  5 curse skulls
  4 draconian scorchers
  Aizul (Crypt:1)
  2 draconian shifters
  13 stone giants
  A caustic shrike zombie (Crypt:3)
  A cacodemon (Abyss:2)
  16 vault wardens
  A draconian stormcaller (Depths:4)
  4 war gargoyles
  2 deep elf elementalists (Elf:3)
  20 ironbound preservers
  2 orc warlords
  14 ghouls
  30 very ugly things
  A caustic shrike skeleton (Crypt:2)
  2 reapers (Depths:1)
  5 spriggan defenders
  6 ironbound thunderhulks
  A green draconian (Depths:4)
  3 black draconians (Zot:1)
  5 deep elf demonologists
  6 eleionomae
  The ghost of NigelTetley the Eclecticist, a journeyman DECj of Vehumet (D:14)
  A spectral titan (Crypt:3)
  9 vampire knights
  4 deep elf annihilators (Elf:3)
  Azrael (Elf:1)
  A lorocyproca (Depths:2)
  2 white draconians
  3 purple draconians
  3 bunyips
  A spark wasp (Depths:3)
  9 dire elephants
  3 red draconians
  The ghost of eyesofgods1 the Eclecticist, a journeyman DECj of Vehumet (Lair:4)
  10 eidola
  9 deep elf death magi
  A mummy priest (Crypt:3)
  3 yellow draconians
  3 crystal guardians (Vaults:4)
  An entropy weaver (Vaults:4)
  11 ettins
  Snorg (D:13)
  4 deep elf high priests
  5 jiangshi
  A merfolk impaler (Depths:1)
  6 fire dragons
  17 yaktaur captains
  7 great orbs of eyes
  A quicksilver dragon skeleton (Crypt:1)
  14 ice dragons
  5 rakshasas
  6 salamander tyrants (Snake:4)
  34 vault guards
  5 peacekeepers (Vaults:4)
  16 hydras
  A catoblepas (Lair:4)
  3 spriggan air magi (Depths:2)
  The ghost of LowRida the Thaumaturge, a journeyman GnEE of Vehumet (Lair:2)
  8 ironbound frosthearts
  4 ogre magi
  A spriggan zombie (Crypt:2)
  Erica (D:11)
  7 anacondas
  27 centaur warriors
  12 tengu warriors
  5 two-headed ogres
  3 death knights
  A fenstrider witch skeleton (Crypt:2)
  29 dancing weapons
  3 deep troll shamans
  7 alligators
  11 naga warriors
  4 boulder beetles
  7 spriggan berserkers
  An orc high priest (Vaults:1)
  9 deep troll earth magi
  7 vampire magi
  A titan zombie (Crypt:3)
  Urug (D:10)
  5 shock serpents
  16 naga sharpshooters
  3 soul eaters
  A sun demon (Depths:1)
  A fire crab (shapeshifter) (Elf:3)
  13 shadow wraiths
  16 deep elf knights
  20 hell knights
  4 iron trolls
  2 sixfirhies
  4 salamander mystics
  3 wretched stars (Abyss:2)
  4 goliath frogs
  An iron troll (shapeshifter) (Vaults:4)
  3 glowing orange brains
  35 skeletal warriors
  2 obsidian statues
  A spatial maelstrom (Abyss:2)
  2 anaconda zombies
  3 naga ritualists
  69 deep trolls
  4 spriggan druids
  4 flayed ghosts
  14 ironbound convokers
  3 bog bodies
  20 lindwurms
  11 wizards
  5 large abominations (Abyss:2)
  7 deep elf archers
  A harpy (shapeshifter) (D:15)
  6 swamp dragons
  20 phantasmal warriors
  A broodmother zombie (Crypt:3)
  A tengu zombie (Crypt:3)
  42 ugly things
  28 deep elf zephyrmancers
  4 necromancers
  40 deep elf pyromancers
  A mana viper (shapeshifter) (Depths:4)
  3 mana vipers
  19 orc knights
  An oklob plant (Lair:3)
  4 starcursed masses (Abyss:2)
  3 cyclopes
  3 manticores
  A stone giant zombie (Crypt:2)
  A sphinx skeleton (Crypt:1)
  23 salamanders
  3 orc sorcerers
  26 elephants
  A wolf spider (D:15)
  2 will-o-the-wisps
  2 moths of wrath (Zot:1)
  2 worldbinders (Abyss:2)
  29 black mambas
  A centaur zombie (Crypt:3)
  3 guardian serpents (Snake:4)
  29 vault sentinels
  12 naga magi
  3 smoke demons
  22 slime creatures
  A purple draconian zombie (Crypt:1)
  A molten gargoyle (D:13)
  A demonic crawler (Abyss:2)
  A dire elephant zombie (Crypt:3)
  Maurice (D:9)
  A rust devil (Depths:1)
  2 gargoyles
  An unseen horror (D:13)
  8 cane toads
  Maggie (D:9)
  3 orange demons
  A minotaur zombie (Crypt:1)
  6 kobold demonologists
  A catoblepas zombie (Crypt:3)
  A hellion (Depths:1)
  13 komodo dragons
  5 ice devils
  33 yaktaurs
  12 freezing wraiths
  15 tengu conjurers
  4 red devils
  3 meliai (D:14)
  4 bloated husks
  7 guardian mummies (Crypt:3)
  A death drake zombie (Crypt:3)
  2 hellwings
  Prince Ribbit (D:8)
  11 trolls
  25 hornets
  7 polar bears
  6 raiju
  A guardian serpent zombie (Crypt:1)
  13 blink frogs
  7 tyrant leeches
  5 dream sheep (Lair:5)
  9 flying skulls (Crypt:3)
  38 spriggans
  A culicivora (shapeshifter) (Depths:2)
  Sigmund (D:3)
  6 air elementals
  8 shadows (Crypt:3)
  5 wyverns
  9 water elementals
  Eustachio (D:5)
  A ynoxinul (Depths:1)
  A vampire (D:11)
  7 fire elementals
  40 yaks
  13 wraiths
  8 fire bats
  A basilisk (shapeshifter) (D:14)
  2 basilisks
  A human (shapeshifter) (D:15)
  A neqoxec (Abyss:2)
  A human (D:14)
  3 steam dragons
  2 chaos spawn
  7 vampire mosquitoes
  4 wargs
  3 swamp worm simulacra (Swamp:4)
  16 swamp worms
  A deep troll zombie (Crypt:3)
  A demonspawn zombie (Crypt:2)
  3 spatial vortices (Abyss:2)
  2 acid dragons
  18 nagas
  21 water moccasins
  Duvessa (D:4)
  A fire bat skeleton (Crypt:3)
  12 hydra simulacra (Swamp:4)
  A hell hound (Elf:1)
  62 orc warriors
  5 swamp drakes
  8 black bears
  An elephant zombie (Crypt:1)
  3 ice beasts
  A sky beast (D:8)
  A wolf (shapeshifter) (Vaults:4)
  18 wolves
  15 ogres
  5 boggarts
  27 centaurs
  3 phantoms (D:5)
  A blink frog skeleton (Crypt:2)
  An elephant skeleton (Crypt:3)
  4 small abominations
  An elf zombie (Ossuary)
  7 kobold brigands
  4 gnoll sergeants
  10 bullfrogs
  2 necrophages
  2 earth elementals (Elf:3)
  A wyvern zombie (Crypt:2)
  7 scorpions
  21 wights
  Dowan (D:4)
  A spriggan skeleton (Crypt:2)
  15 killer bees
  6 howler monkeys
  A troll skeleton (Crypt:2)
  A vampire bat (Lair:2)
  A polar bear skeleton (Crypt:1)
  8 electric eels
  5 crimson imps (D:13)
  3 jellies
  A quasit (Abyss:2)
  2 hounds
  4 human zombies
  19 orc priests
  Crazy Yiuf (D:2)
  3 gnoll boudas
  An iron imp (Abyss:2)
  22 orc wizards
  4 hell rats (Lair:5)
  A sky beast zombie (Crypt:2)
  2 mummies (Ossuary)
  34 gnolls
  10 adders
  A shadow imp (D:8)
  7 white imps
  2 ufetubi
  5 swamp drake simulacra (Swamp:4)
  2 adder zombies (Ossuary)
  A worm (shapeshifter) (Vaults:5)
  A worm (D:4)
  The ghost of rigao the Sneak, a weakling GrDe of Gozag (D:3)
  4 dart slugs
  140 orcs
  5 ball pythons
  14 bats
  2 bat skeletons
  4 endoplasms
  4 giant cockroaches
  17 goblins
  19 hobgoblins
  6 quokkas
  5 frilled lizards
  A goblin skeleton (Crypt:3)
  2 goblin zombies (Ossuary)
  7 hobgoblin zombies (Ossuary)
  A jackal zombie (Ossuary)
  16 kobolds
  8 kobold zombies (Ossuary)
  11 orc zombies (Ossuary)
  5 rats
  2 rat zombies (Ossuary)
2338 creatures vanquished.

Vanquished Creatures (collateral kills)
  A sphinx (Vaults:5)
  A fire giant (Vaults:5)
  An ironbound convoker (Vaults:5)
  A vault sentinel (Vaults:5)
4 creatures vanquished.

Vanquished Creatures (others)
  A dread lich (Vaults:5)
  2 ancient liches (Vaults:5)
  A tentacled monstrosity (Vaults:5)
  3 titans (Vaults:5)
  A fire giant (Vaults:5)
  2 deep elf sorcerers
  2 vault wardens (Vaults:5)
  A stone giant (Vaults:5)
  2 ironbound preservers (Vaults:5)
  A deep elf demonologist (Elf:3)
  A red draconian (Zot:1)
  A deep elf high priest (Vaults:5)
  An ettin (shapeshifter) (Vaults:5)
  A spriggan air mage (Depths:1)
  A deep troll earth mage (Vaults:5)
  A deep elf knight (Elf:2)
  2 phantasmal warriors (Vaults:5)
  An ironbound convoker (Vaults:5)
  A yaktaur (Vaults:5)
  A tengu conjurer (D:14)
  2 raiju (Abyss:2)
  2 hornets
  A tarantella (shapeshifter) (Vaults:5)
  A spriggan (Swamp:4)
  4 vampire mosquitoes (Swamp:4)
  A swamp drake (Swamp:4)
  A boggart (D:15)
  2 orcs (Vaults:5)
  4 foxfires (Swamp:3)
  7 fungi
  19 plants
71 creatures vanquished.

Grand Total: 2413 creatures vanquished

Notes
Turn   | Place    | Note
-------+----------+-------------------------------------------
     0 | D:1      | HoaS the Gargoyle Hunter began the quest for the Orb.
     0 | D:1      | Reached XP level 1. HP: 12/12 MP: 1/1
   135 | D:1      | Reached XP level 2. HP: 17/17 MP: 2/2
   788 | D:2      | Reached XP level 3. HP: 21/21 MP: 3/3
   891 | D:2      | Reached skill level 5 in Ranged Weapons
  1105 | D:2      | Noticed an ogre
  1278 | D:2      | Found a runed translucent door.
  1279 | D:2      | Noticed Crazy Yiuf
  1702 | D:3      | Reached XP level 4. HP: 26/26 MP: 4/4
  1950 | D:3      | Identified the +2 pair of boots of the Pit {+Blink +Inv}
  1984 | D:3      | Noticed Sigmund
  1998 | D:3      | Killed Sigmund
  1999 | D:3      | Reached XP level 5. HP: 30/30 MP: 5/5
  1999 | D:3      | Reached XP level 6. HP: 35/35 MP: 6/6
  2082 | D:3      | Found a runed translucent door.
  2084 | D:3      | Noticed rigao's ghost (weakling GrDe)
  2102 | D:3      | Killed rigao's ghost
  2202 | D:3      | Found Neqaco Qufy's Magic Scroll Shop.
  2208 | D:3      | Bought a scroll of teleportation for 33 gold pieces
  2208 | D:3      | Bought a scroll of teleportation for 33 gold pieces
  2208 | D:3      | Bought a scroll of identify for 22 gold pieces
  2221 | D:3      | Found a hazy altar of Hepliaklqana.
  2488 | D:2      | Killed Crazy Yiuf
  2779 | D:4      | Found a sand-covered staircase.
  2784 | Ossuary  | Entered an ossuary
  3265 | Ossuary  | Reached XP level 7. HP: 40/40 MP: 7/7
  3675 | D:4      | Identified a scroll of acquirement
  3675 | D:4      | Acquired 861 gold pieces
  3733 | D:4      | Found a white marble altar of Elyvilon.
  3821 | D:4      | Noticed Duvessa
  3822 | D:4      | Noticed Dowan
  3858 | D:4      | Killed Duvessa
  3866 | D:4      | Killed Dowan
  3894 | D:4      | Found Jaephak's Antique Armour Emporium.
  4092 | D:5      | Entered Level 5 of the Dungeon
  4128 | D:5      | Reached XP level 8. HP: 44/44 MP: 8/8
  4136 | D:5      | Reached skill level 10 in Ranged Weapons
  4151 | D:5      | Noticed Eustachio
  4167 | D:5      | Killed Eustachio
  4286 | D:5      | Noticed a hornet
  4318 | D:5      | Killed a hornet
  4606 | D:5      | Reached XP level 9. HP: 46/48 MP: 7/9
  4703 | D:5      | Found a staircase to the Ecumenical Temple.
  4788 | Temple   | Entered the Ecumenical Temple
  4902 | Temple   | Became a worshipper of Gozag Ym Sagoz the Greedy
  4947 | D:5      | Found a hide-covered altar of Uskayaw.
  5360 | D:5      | Found Haevyguh's General Store.
  5363 | D:5      | Bought a scroll of teleportation for 45 gold pieces
  5803 | D:6      | Found a glowing golden altar of the Shining One.
  5839 | D:6      | Found a shimmering altar of Xom.
  6522 | D:6      | Found a snail-covered altar of Cheibriados.
  6542 | D:6      | Found Aleng's General Store.
  6607 | D:6      | Reached XP level 10. HP: 53/53 MP: 10/10
  7173 | D:7      | Identified the +5 spear "Biak" {venom, rElec Str+2 Int-2}
  7300 | D:7      | Reached skill level 15 in Ranged Weapons
  8037 | D:8      | Noticed Prince Ribbit
  8047 | D:8      | Killed Prince Ribbit
  8167 | D:8      | Noticed a two-headed ogre
  8511 | D:8      | Upgraded the game from 0.30-a0-691-g754fce4c43 to
                  | 0.30-a0-696-g2367cd04db
  8518 | D:8      | Killed a two-headed ogre
  8519 | D:8      | Reached skill level 3 in Fighting
  8569 | D:9      | Reached XP level 11. HP: 58/60 MP: 9/11
  8636 | D:9      | Reached skill level 4 in Fighting
  8671 | D:9      | Found a flagged portal.
  8691 | Bailey   | Entered a bailey
  9413 | Bailey   | Acquired the ring of Uwnim {+Blink Will+ EV+5 Dex+7}
  9482 | Bailey   | Noticed an orc knight
  9496 | Bailey   | Killed an orc knight
  9497 | Bailey   | Reached skill level 5 in Fighting
  9497 | Bailey   | Reached skill level 5 in Dodging
  9580 | Bailey   | Found an iron altar of Okawaru.
  9580 | Bailey   | Noticed an orc sorcerer
  9596 | Bailey   | Killed an orc sorcerer
  9926 | D:9      | Noticed Maggie
  9926 | D:9      | Noticed Maurice
  9933 | D:9      | Paralysed by something for 5 turns
  9956 | D:9      | Killed Maggie
  9970 | D:9      | Killed Maurice
 10042 | D:9      | Identified the +0 ring mail of Beogh's Outrage {Int+4}
 10125 | D:9      | Reached skill level 6 in Fighting
 10665 | D:10     | Entered Level 10 of the Dungeon
 10708 | D:10     | Noticed Urug
 10744 | D:10     | Killed Urug
 10917 | D:10     | Reached XP level 12. HP: 71/71 MP: 12/12
 11018 | D:10     | Reached skill level 7 in Fighting
 11274 | D:10     | Found a staircase to the Lair.
 11468 | Lair:1   | Entered Level 1 of the Lair of Beasts
 11533 | Lair:1   | You fall into a shaft and drop 1 floor!
 11696 | Lair:1   | Reached skill level 8 in Fighting
 12532 | Lair:2   | Found a runed translucent door.
 12533 | Lair:2   | Noticed LowRida's ghost (journeyman GnEE)
 12863 | Lair:2   | Reached skill level 9 in Fighting
 13323 | Lair:3   | Reached skill level 10 in Dodging
 13338 | Lair:3   | Found a staircase to the Snake Pit.
 13375 | Lair:3   | Reached XP level 13. HP: 80/80 MP: 13/13
 13715 | Lair:3   | Reached skill level 10 in Fighting
 13897 | Lair:3   | Found a staircase to the Swamp.
 14719 | Lair:4   | Found a staircase to the Slime Pits.
 14782 | Lair:4   | Found a runed translucent door.
 14782 | Lair:4   | Found a shimmering altar of Xom.
 14782 | Lair:4   | Noticed eyesofgods1's ghost (journeyman DECj)
 14858 | Lair:4   | Reached skill level 11 in Fighting
 15031 | Lair:5   | Entered Level 5 of the Lair of Beasts
 15395 | Lair:5   | Gained mutation: Your large and strong wings let you fly.
                  | [Gargoyle growth]
 15395 | Lair:5   | Reached XP level 14. HP: 91/91 MP: 14/14
 15528 | Lair:5   | Reached skill level 12 in Fighting
 16752 | Lair:5   | Got the Excursus on Darkness and Cinders
 17029 | Lair:4   | Killed eyesofgods1's ghost
 17175 | Lair:2   | Killed LowRida's ghost
 17370 | D:11     | Reached skill level 13 in Fighting
 17821 | D:11     | Noticed Erica
 17828 | D:11     | Killed Erica
 17949 | D:11     | Found a staircase to the Orcish Mines.
 18291 | Orc:1    | Entered Level 1 of the Orcish Mines
 18420 | Orc:1    | Reached XP level 15. HP: 99/99 MP: 15/15
 19139 | Orc:2    | Entered Level 2 of the Orcish Mines
 19221 | Orc:2    | Found a staircase to the Elven Halls.
 20197 | Orc:2    | Found Zaxee's Book Emporium.
 20197 | Orc:2    | Found Wiodoc's Distillery.
 20201 | Orc:2    | Found Xahu's Magic Scroll Boutique.
 20203 | Orc:2    | Found Kirug's Armour Shoppe.
 20208 | Orc:2    | Bought a potion of curing for 51 gold pieces
 20208 | Orc:2    | Bought a potion of heal wounds for 85 gold pieces
 20208 | Orc:2    | Bought a potion of curing for 51 gold pieces
 20208 | Orc:2    | Bought a potion of curing for 51 gold pieces
 20210 | Orc:2    | Bought a scroll of teleportation for 36 gold pieces
 21381 | D:12     | Identified the +2 cloak of Good Intentions {Will+}
 21569 | D:12     | Found a portal to a secret trove of treasure.
 21674 | D:13     | Noticed Snorg
 21689 | D:13     | Killed Snorg
 21899 | D:13     | Identified the +0 buckler "Bodaxzoohe" {Fly rF+ Regen+}
 22116 | D:13     | Identified the +4 rapier "Eneiwa" {vamp, Str+5 Dex-3}
 22293 | D:13     | Bought a faintly glowing arbalest for 332 gold pieces
 22293 | D:13     | Identified the +10 arbalest of the Solstice {elec, rElec}
                  | (You bought it in a shop on level 13 of the Dungeon)
 22453 | D:14     | Found a bloodstained altar of Trog.
 22551 | D:14     | Noticed NigelTetley's ghost (journeyman DECj)
 22670 | D:14     | Reached skill level 15 in Dodging
 22723 | Abyss:2  | Cast into level 2 of the Abyss (a wizard)
 22834 | Abyss:2  | Reached skill level 14 in Fighting
 22868 | Abyss:2  | Reached XP level 16. HP: 101/106 MP: 16/16
 23061 | Abyss:2  | Found a corrupted altar of Lugonu.
 23109 | Abyss:2  | Found a corrupted altar of Lugonu.
 23454 | Abyss:2  | Found a burning altar of Makhleb.
 23558 | D:14     | Escaped the Abyss
 23600 | D:14     | Found a runed translucent door.
 23753 | D:14     | Found a gate to the Vaults.
 23884 | D:14     | Got the Compendium of the Gelid Mausoleum
 23900 | D:14     | Reached skill level 15 in Fighting
 23932 | D:14     | Found a shimmering blue altar of Sif Muna.
 24034 | D:14     | Got the Elucidation of Alteration
 24036 | D:14     | Got Vv's Incunabulum of Algid Ashes
 24051 | D:14     | Got the Elucidation of Destruction
 24088 | D:14     | Got the Parchment of the Discharge
 24215 | D:14     | Killed NigelTetley's ghost
 24259 | D:15     | Entered Level 15 of the Dungeon
 24777 | D:15     | Found a staircase to the Depths.
 24890 | D:15     | Bought a ring of see invisible for 270 gold pieces
 24892 | D:15     | Bought a +2 pair of gloves of dexterity for 236 gold pieces
 25174 | Snake:1  | Entered Level 1 of the Snake Pit
 25422 | Snake:1  | Reached XP level 17. HP: 114/114 MP: 17/17
 26343 | Snake:2  | Reached skill level 16 in Fighting
 26349 | Snake:2  | Noticed Vashnia
 26365 | Snake:2  | Killed Vashnia
 26920 | Snake:3  | Noticed Louise
 26928 | Snake:3  | Killed Louise
 28039 | Snake:4  | Entered Level 4 of the Snake Pit
 28238 | Snake:4  | Identified the +5 chain mail "Sean" {rF+ Dex+8 Stlth-}
 28306 | Snake:4  | Found Jamaujeso's Book Boutique.
 28316 | Snake:4  | Found Rudauvau's Magic Scroll Boutique.
 28330 | Snake:4  | Bought a scroll of teleportation for 48 gold pieces
 28330 | Snake:4  | Bought a scroll of teleportation for 48 gold pieces
 28436 | Snake:4  | Reached skill level 17 in Fighting
 28645 | Snake:4  | Identified the +1 cloak "Wigih" {Harm Int+4 Dex-2 SInv}
 28812 | Snake:4  | Noticed a quicksilver dragon
 28813 | Snake:4  | Noticed a quicksilver dragon
 28816 | Snake:4  | Killed a quicksilver dragon
 28826 | Snake:4  | Killed a quicksilver dragon
 28855 | Snake:4  | Reached skill level 18 in Fighting
 28871 | Snake:4  | Reached skill level 1 in Armour
 29122 | Snake:4  | Reached XP level 18. HP: 125/125 MP: 18/18
 29242 | Snake:4  | Got a serpentine rune of Zot
 29995 | Swamp:1  | Entered Level 1 of the Swamp
 31455 | Swamp:3  | Noticed Mara
 31462 | Swamp:3  | Noticed HoaS's illusion
 31501 | Swamp:3  | Killed Mara
 31502 | Swamp:3  | Reached skill level 5 in Armour
 31929 | Swamp:4  | Entered Level 4 of the Swamp
 31956 | Swamp:4  | Noticed a tentacled monstrosity
 31963 | Swamp:4  | Killed a tentacled monstrosity
 32151 | Swamp:4  | Reached skill level 19 in Fighting
 32344 | Swamp:4  | Reached XP level 19. HP: 132/132 MP: 19/19
 32926 | Swamp:4  | Got a decaying rune of Zot
 33261 | Elf:1    | Entered Level 1 of the Elven Halls
 33293 | Elf:1    | Noticed Azrael
 33301 | Elf:1    | Killed Azrael
 33643 | Abyss:3  | Cast into level 3 of the Abyss (a deep elf sorcerer)
 33674 | Abyss:3  | Noticed a bone dragon
 33684 | Abyss:3  | Killed a bone dragon
 33746 | Elf:1    | Escaped the Abyss
 33824 | Elf:1    | Got the Book of the Union
 33994 | Elf:1    | Identified Roxanne's Directory of Modification
 33994 | Elf:1    | Noticed Roxanne
 34003 | Elf:1    | Killed Roxanne
 34402 | Elf:2    | Acquired a manual of Armour
 34530 | Elf:2    | Found a shimmering blue altar of Sif Muna.
 34564 | Elf:2    | Identified the +0 plate armour of Jeejumuy {Fly rElec rPois
                  | rF+}
 34656 | Elf:2    | Paralysed by an air elemental for 1 turns
 34781 | Elf:2    | Found a runed translucent gate.
 34782 | Elf:2    | Found a runed translucent gate.
 34782 | Elf:2    | Found a runed translucent gate.
 35474 | Elf:2    | Reached skill level 20 in Fighting
 35798 | Vaults:1 | Entered Level 1 of the Vaults
 35968 | Vaults:1 | Reached XP level 20. HP: 140/140 MP: 20/20
 37108 | Vaults:1 | Reached skill level 10 in Armour
 37887 | Vaults:2 | Reached skill level 21 in Fighting
 38082 | Vaults:2 | Reached XP level 21. HP: 81/148 MP: 21/21
 38555 | Vaults:2 | Found a staircase to the Crypt.
 38555 | Vaults:2 | Found an ancient bone altar of Kikubaaqudgha.
 38556 | Vaults:2 | Found a basalt altar of Yredelemnul.
 38612 | Vaults:2 | You are sucked into a shaft and drop 2 floors!
 38835 | Vaults:3 | Found Yfeir's Weapon Boutique.
 39194 | Vaults:3 | Identified the +8 morningstar of Famine {heavy, rElec rPois
                  | rF- Str+9}
 40464 | Vaults:3 | Bought a scroll of enchant weapon for 322 gold pieces
 40466 | Vaults:3 | Bought a pair of faintly humming boots for 342 gold pieces
 40466 | Vaults:3 | Identified the +0 pair of boots of Parts Unknown {Rampage
                  | rElec Str+2} (You bought it in a shop on level 3 of the
                  | Vaults)
 40466 | Vaults:3 | Bought a glowing helmet for 270 gold pieces
 40598 | Vaults:4 | Reached skill level 22 in Fighting
 40726 | Vaults:4 | Found Qosyadeh's Jewellery Boutique.
 40781 | Vaults:4 | Reached XP level 22. HP: 146/156 MP: 22/22
 41328 | Vaults:4 | Found Kaolid's Magic Scroll Shoppe.
 41603 | Vaults:4 | Found Rufitz's Magic Scroll Emporium.
 41614 | Vaults:4 | Bought a scroll of enchant weapon for 150 gold pieces
 41614 | Vaults:4 | Bought a scroll of enchant armour for 150 gold pieces
 41614 | Vaults:4 | Bought a scroll of enchant weapon for 150 gold pieces
 41614 | Vaults:4 | Bought a scroll of magic mapping for 150 gold pieces
 41929 | Depths:1 | Entered Level 1 of the Depths
 41935 | Depths:1 | Noticed a caustic shrike
 41961 | Depths:1 | Noticed a golden dragon
 41970 | D:15     | Killed a caustic shrike
 42446 | D:15     | Killed a golden dragon
 42836 | Depths:1 | Found a one-way gateway to a ziggurat.
 42967 | Depths:1 | Paralysed by something for 4 turns
 43487 | Depths:1 | Reached skill level 23 in Fighting
 43490 | Depths:1 | Identified the +7 falchion "Baixkah" {heavy, Fly rF+
                  | Stlth+}
 43523 | Depths:1 | Found a gateway to Hell.
 43750 | Depths:1 | Reached skill level 15 in Armour
 43753 | Depths:1 | Reached XP level 23. HP: 161/164 MP: 23/23
 44071 | Depths:2 | Noticed Sojobo
 44087 | Depths:2 | Paralysed by an air elemental for 1 turns
 44121 | Depths:2 | HP: 3/164 [tengu reaver/bolt of acid[Sojobo] (27)]
 44127 | Depths:2 | Killed Sojobo
 44603 | Depths:2 | Noticed a juggernaut
 44616 | Depths:2 | Killed a juggernaut
 44731 | Depths:2 | Found a runed translucent gate.
 44732 | Depths:2 | Found a runed translucent gate.
 44733 | Depths:2 | Found a runed translucent gate.
 44735 | Depths:2 | Noticed Unolod's ghost (adept MiBe)
 44991 | Depths:2 | Found a one-way gate leading to the halls of Pandemonium.
 45523 | Depths:2 | Got the Quarto of Dramatic Exits
 45970 | Depths:3 | Noticed the Enchantress
 46084 | Depths:2 | Killed the Enchantress
 46823 | Depths:3 | Found a one-way gate to the infinite horrors of the Abyss.
 46853 | Depths:3 | Found a radiant altar of Vehumet.
 46932 | Depths:3 | Found Pekycs's Book Shop.
 46932 | Depths:3 | Found Koevut's Jewellery Shoppe.
 46933 | Depths:3 | Found Waexzuon's Book Shop.
 47010 | Depths:4 | Entered Level 4 of the Depths
 47353 | Depths:4 | Identified the +9 morningstar of Dunuuph {heavy, Drain
                  | rCorr Int+5}
 47483 | Depths:4 | Reached XP level 24. HP: 172/172 MP: 23/23
 47493 | Depths:4 | Reached skill level 24 in Fighting
 47926 | Depths:4 | Found a gate to the Realm of Zot.
 48606 | Vaults:5 | Entered Level 5 of the Vaults
 48606 | Vaults:5 | Noticed Xtahua
 48625 | Vaults:4 | Killed Xtahua
 48878 | Vaults:5 | Noticed an ancient lich
 48882 | Vaults:5 | Noticed an ancient lich
 48885 | Vaults:5 | Noticed a dread lich
 49328 | Vaults:5 | Killed an ancient lich
 49328 | Vaults:5 | Killed a dread lich
 49334 | Vaults:5 | Identified the +2 mace of Eschu {vamp, rElec rC+}
 49343 | Vaults:5 | Got Byosodyl's Precepts of Graupel and Calling
 49432 | Vaults:5 | Noticed an ancient lich
 49436 | Vaults:5 | Killed an ancient lich
 49542 | Vaults:5 | Reached XP level 25. HP: 180/180 MP: 23/23
 49741 | Vaults:5 | Found Ganiadie's General Store.
 49760 | Vaults:5 | Bought a scroll of teleportation for 63 gold pieces
 49764 | Vaults:5 | Identified the +7 morningstar of Bacwal {holy, SInv}
 49975 | Vaults:5 | Got a silver rune of Zot
 50596 | Temple   | Fell from the grace of Gozag
 50596 | Temple   | Became a worshipper of Zin the Law-Giver
 50596 | Temple   | Reached * piety under Zin
 50596 | Temple   | Reached ** piety under Zin
 50597 | Temple   | Donated 2878 gold pieces to Zin
 50614 | D:5      | Reached *** piety under Zin
 50717 | D:12     | Reached **** piety under Zin
 50847 | Vaults:2 | Reached ***** piety under Zin
 50860 | Crypt:1  | Entered Level 1 of the Crypt
 50866 | Crypt:1  | Reached skill level 1 in Invocations
 51035 | Crypt:1  | Acquired 442 gold pieces
 51036 | Crypt:1  | Reached ****** piety under Zin
 51083 | Crypt:1  | Reached skill level 5 in Invocations
 51490 | Crypt:1  | Noticed Aizul
 51495 | Crypt:1  | Killed Aizul
 52115 | Crypt:2  | Reached skill level 10 in Invocations
 52298 | Crypt:3  | Entered Level 3 of the Crypt
 52825 | Crypt:3  | Found a basalt altar of Yredelemnul.
 52961 | Crypt:3  | Noticed a dread lich
 52976 | Crypt:2  | Killed a dread lich
 53393 | Crypt:3  | Found a staircase to the Tomb.
 53726 | Crypt:3  | Found an ancient bone altar of Kikubaaqudgha.
 53735 | Crypt:3  | Got the Codex of Conflict
 53752 | Crypt:3  | Reached XP level 26. HP: 187/187 MP: 33/33
 53922 | Crypt:3  | Reached skill level 15 in Invocations
 54541 | Elf:3    | Entered Level 3 of the Elven Halls
 54785 | Elf:3    | Reached skill level 25 in Fighting
 55269 | Elf:3    | Identified the ring "Agaleesch" {rC+ Str+6 Dex+3}
 55275 | Elf:3    | Identified the +8 mace "Fehar" {venom, Str+3}
 55281 | Elf:3    | Noticed Nikola
 55544 | Elf:3    | Killed Nikola
 55663 | Elf:3    | Got Fodwuer's Precepts of Wounds and Freezing
 55682 | Elf:3    | Identified the +0 rapier of Starshine {drain, rPois Dex+6}
 55687 | Elf:3    | Got the Spellbook of Effluvium
 55727 | Elf:3    | Identified the +1 chain mail of the Mackerel {rF+ Str+5
                  | Int+3}
 56088 | Zot:1    | Entered Level 1 of the Realm of Zot
 56216 | Zot:1    | Noticed an orb of fire
 56222 | Zot:1    | Killed an orb of fire
 56254 | Zot:1    | HP: 5/188 [red draconian][a purple draconian shifter] (25)]
 56256 | Zot:1    | Engulfed by a red draconian's flame

Illustrated notes

Levels and vault maps discovered:
D:1:      lemuel_arrival_tunnels, layout_basic, supply_closet_lemuel,
          serial_park_tiny_pond
D:2:      layout_loops_cross, lightli_corner_chamber, uniq_crazy_yiuf_cottage
D:3:      layout_basic, worldfamousw_hep_ancestral_shrine,
          ebering_ghost_reflecting_pool, serial_shops, nicolae_square_shop,
          minmay_close_crescents, uniq_sigmund
D:4:      layout_basic, kennysheep_mini, serial_shops, nicolae_shop_crystal,
          enter_ossuary_2, uniq_duvessa
D:5:      layout_loops_ring, eat_drink_and_be_merry_uskayaw,
          minmay_temple_entry_hall, serial_shops, kennysheep_mini_moat,
          serial_rivers, chequers_serial_rivers_small_b,
          chequers_serial_rivers_micro_a, chequers_serial_rivers_micro_a,
          chequers_serial_rivers_micro_b, chequers_serial_rivers_room_a,
          chequers_serial_rivers_micro_c, minmay_increasing_density,
          uniq_eustachio
D:6:      layout_loops_corners, xom_teletrap_fun, cheibriados_altar_1,
          mainiacjoe_overflow_paths, serial_shops, nicolae_shop_stone,
          grunt_ministairs_7
D:7:      layout_loops_ring, st_stairs_1
D:8:      layout_cave_pods, uniq_prince_ribbit1
D:9:      layout_irregular_city, enter_bailey_4, uniq_maggie, uniq_maurice
D:10:     layout_rooms, erik_lair_dragon, uniq_urug
D:11:     layout_stronghold, kennysheep_orc_monster_closet_entryway,
          minivault_20, minmay_holes, grunt_ogre_cave, uniq_erica
D:12:     layout_loops_cross, special_room [special_room_orc],
          nicolae_trove_entry_columns
D:13:     layout_roguey, serial_glass, glass_columns_b, glass_columns_a,
          glass_columns_b, glass_columns_a, minivault_21, grunt_decor_junction,
          minmay_nine_imps, uniq_snorg
D:14:     evilmike_library_of_no_secrets, layout_basic,
          grunt_vaults_entry_fortified, hellmonk_ghost_happy_afterlife,
          trog_ov_bears_minmay
D:15:     hangedman_depths_entry_try_elsewhere_first, layout_rooms,
          serial_park_square2
Temple:   nicolae_temple_superstar
Lair:1:   layout_chaotic_city, chequers_serial_rivers_micro_b,
          grunt_forest_large_clearing_hut
Lair:2:   layout_regular_city, ebering_ghost_inner_flame, roderic_batcave,
          chequers_serial_rivers_micro_a
Lair:3:   layout_hall_layers, minmay_swamp_entry_eels,
          minmay_snake_entry_six_corridors, chequers_serial_rivers_micro_e
Lair:4:   layout_loops_ring, slime_entry_1, ebering_ghost_xom,
          dreamdust_mushroom_princess, grunt_megastairs_5
Lair:5:   minmay_lair_end_enchanted_forest, layout_regular_city,
          grunt_megastairs_4
Swamp:1:  layout_falls_marsh, serial_swamp_ruin, evilmike_swamp_ruin_house_4,
          evilmike_swamp_ruin_house_1
Swamp:2:  nicolae_swamp_secret_spriggan_hideout, layout_basic_swamp,
          evilmike_swamp_ruin_house_3, swamp_pool5, nicolae_swamp_dense_foliage
Swamp:3:  layout_basic_swamp, evilmike_swamp_ruin_house_6, uniq_mara
Swamp:4:  swamp_icy, layout_basic_swamp, swamp_pool2, hangedman_swamp_blocks
Snake:1:  layout_onion
Snake:2:  layout_misc_corridors, uniq_vashnia
Snake:3:  layout_chambers, uniq_louise
Snake:4:  hellmonk_snake_rune_quicksilver_temple, layout_cave_town,
          minmay_shop_star, lemuel_fruit_tree, serial_bayou_shore_b
Orc:1:    cheibrodos_orc_bank, layout_caves
Orc:2:    st_orc_rangers, layout_caves, special_room
Elf:1:    nicolae_elf_arrival_aired_out, layout_loops_ring,
          minmay_elf_demonology, nicolae_elf_glass_and_crystal_pillar_1,
          uniq_azrael, uniq_roxanne
Elf:2:    nicolae_elf_blades_crystal_corner, layout_gridlike, basic_altar,
          minmay_crystal_room
Elf:3:    elf_hall, layout_geoelf_grid, nicolae_concentric_dashed_squares_wild,
          uniq_nikola
Vaults:1: v_pattern_4, v_misc_2, v_misc_30, special_room_vaults
          [special_room_orc], ontoclasm_vaults_misaligned,
          ontoclasm_vaults_chip, vaults_mumra_hexcomb, layout_vaults_omnigrid
Vaults:2: nicolae_vaults_statue_guard, ontoclasm_vaults_fault, v_misc_9,
          hangedman_vaults_corner, minmay_crypt_entry_necro_gods,
          nicolae_vaults_little_squares_2, v_misc_2, vaults_room_boxed,
          v_misc_16, v_pattern_1, v_misc_14, layout_vaults_maze_bifur
Vaults:3: vaults_dpeg_emergency_exit, v_misc_23, ontoclasm_vaults_shuriken,
          nicolae_vaults_stairing_the_circle, v_misc_10, nicolae_vaults_arrows,
          nicolae_vaults_mini_display_case, vaults_room_semicircle, v_misc_9,
          vaults_room_corners, ontoclasm_vaults_decontamination,
          layout_vaults_omnicross, serial_shops,
          nicolae_shop_bloodbath_and_beyond
Vaults:4: ontoclasm_vaults_claustrophobia, v_misc_25,
          nicolae_vaults_twisting_passages, st_more_cells,
          nicolae_vaults_windows_and_doors_thing, grunt_vaults_bifocal,
          v_misc_26, nicolae_vaults_big_angled_halls, v_pattern_3, v_misc_12,
          v_misc_28, nicolae_vaults_specimen_jars, grunt_vaults_hallway_long,
          layout_vaults_omnibox, serial_shops, shop_scrolls, shop_statue,
          nicolae_shop_trees
Vaults:5: uniq_xtahua
Crypt:1:  layout_misc_corridors, uniq_aizul
Crypt:2:  layout_misc_corridors
Crypt:3:  church_of_pain_bobbens, layout_chaotic_city, tomb_entry_shell_bobbens,
          lemuel_mausoleum_altar_kikubaaqudgha
Depths:1: layout_cave_pools, enter_ziggurat_f, grunt_hell_entry_demonic_statue,
          chequers_serial_rivers_micro_d, serial_sigils_hangedman_scar,
          nrook_uturn, evilmike_ambush [evilmike_ambush_outer_doors,
          evilmike_ambush_inner_pond]
Depths:2: kennysheep_four_of_diamonds, layout_cave_shapes,
          small_statue_intersection, grunt_pan_entry_sceptre, hell_entry,
          gammafunk_ghost_tricky_traps, corexii_hall_statues_l, uniq_sojobo
Depths:3: minmay_polygon_palace, layout_cave_pools,
          minmay_staircase_statues_hall_large, abyss_entry_small_statue_room,
          hell_entry, nicolae_vehumet_altar_sigil, minmay_shop_grove,
          serial_bayou_shore_b, uniq_enchantress
Depths:4: grunt_zot_entry_funnels, layout_gridlike, grunt_hell_entry_dis_mu,
          minmay_misc_feat_room
Zot:1:    layout_basic

Skill      XL: |  1  2  3  4  5  6  7  8  9 10 11 12 13 14 15 16 17 18 19 20 21 22 23 24 25 26 |
---------------+-------------------------------------------------------------------------------+-----
Ranged Weapons | 5 7 8 9 11 14 16 18 19 20 21 22 23 24 | 24.4
Fighting       | 3 6 9 11 13 14 15 18 19 20 21 22 23 24 25 | 25.4
Dodging        | 3 7 10 12 14 15 17 18 19 20 21 22 | 22.7
Armour         | 1 5 8 11 13 15 16 17 | 17.8
Invocations    | 14 16 | 16.0
Stealth        | |  1.1

Action                   |  1- 3 |  4- 6 |  7- 9 | 10-12 | 13-15 | 16-18 | 19-21 | 22-24 | 25-27 || total
-------------------------+-------+-------+-------+-------+-------+-------+-------+-------+-------++-------
Melee: Arbalest          |       |       |       |       |       |       |       |     2 |       ||     2
 Fire: Shortbow          |    99 |   173 |   409 |   827 |  1043 |       |       |       |       ||  2551
       Arbalest          |       |       |       |       |   544 |  1107 |  1341 |  1691 |  1126 ||  5809
Invok: Call Merchant     |       |       |       |     2 |     2 |     2 |     4 |     1 |       ||    11
       Potion Petition   |       |       |       |       |     1 |       |     1 |     1 |       ||     3
       Bribe Branch      |       |       |       |       |       |       |       |     1 |       ||     1
       Donate Gold       |       |       |       |       |       |       |       |       |     1 ||     1
       Recite            |       |       |       |       |       |       |       |       |     1 ||     1
       Vitalisation      |       |       |       |       |       |       |       |       |     1 ||     1
Evoke: Wand              |       |       |       |       |       |       |       |     1 |       ||     1
  Use: Scroll            |     8 |     4 |     9 |    15 |     5 |     2 |     1 |     6 |     3 ||    53
       Potion            |       |     1 |     2 |     1 |     3 |     4 |       |     8 |       ||    19
Armor: Leather armour    |    11 |    13 |    83 |    81 |   218 |   117 |   161 |   187 |       ||   871
       Skin              |       |       |     9 |       |       |       |       |       |       ||     9
       Acid dragon scale |       |       |       |       |       |       |       |   201 |   283 ||   484
Dodge: Dodged            |    17 |    25 |   104 |   168 |   973 |   454 |   889 |  1943 |  1529 ||  6102
Block: Other             |       |       |       |       |    43 |    91 |   151 |   281 |   222 ||   788
       Reflection        |       |       |       |       |     5 |    15 |    30 |     8 |     2 ||    60

Table legend: (Time is in decaauts)
 A = Elapsed time spent in this place.
 B = Non-inter-level travel time spent in this place.
 C = Inter-level travel time spent in this place.
 D = Time resting spent in this place.
 E = Time spent auto-exploring this place.
 F = Levels seen in this place.
 G = Mean time per level.
                   A        B        C        D        E       F      G
               +--------+--------+--------+--------+--------+-----+--------+
         Total |  56011 |  51836 |   4175 |   9315 |  30450 |  51 | 1098.3 |
       Dungeon |  15635 |  13774 |   1861 |   1718 |   9078 |  15 | 1042.3 |
        Temple |    147 |    117 |     30 |      0 |     73 |   1 |  147.0 |
          Lair |   5688 |   5322 |    366 |    668 |   3661 |   5 | 1137.6 |
         Swamp |   3066 |   2886 |    180 |    207 |   2045 |   4 |  766.5 |
     Snake Pit |   4790 |   4601 |    189 |   1234 |   2691 |   4 | 1197.5 |
  Orcish Mines |   2540 |   2330 |    210 |    963 |    886 |   2 | 1270.0 |
   Elven Halls |   3670 |   3482 |    188 |    659 |   1954 |   3 | 1223.3 |
        Vaults |   8028 |   7366 |    662 |   1002 |   4326 |   5 | 1605.6 |
         Crypt |   3447 |   3241 |    206 |    414 |   1812 |   3 | 1149.0 |
        Depths |   5853 |   5576 |    277 |   1260 |   2803 |   4 | 1463.2 |
           Zot |    126 |    126 |      0 |      0 |      5 |   1 |  126.0 |
         Abyss |    942 |    942 |      0 |    138 |    546 |   2 |  471.0 |
       Ossuary |    905 |    905 |      0 |    522 |    144 |   1 |  905.0 |
        Bailey |   1167 |   1167 |      0 |    528 |    425 |   1 | 1167.0 |
               +--------+--------+--------+--------+--------+-----+--------+

Top non-repeatable levels by time:
Depths:2: 2434 daAuts
Vaults:4: 2109 daAuts
Vaults:1: 1825 daAuts
  Lair:5: 1784 daAuts
 Snake:4: 1680 daAuts
     D:5: 1602 daAuts
 Crypt:3: 1587 daAuts
    D:15: 1584 daAuts
    D:14: 1571 daAuts
Vaults:3: 1553 daAuts
   Orc:2: 1502 daAuts
Vaults:2: 1491 daAuts
Depths:4: 1338 daAuts
 Snake:3: 1337 daAuts
   Elf:3: 1291 daAuts
